 Dungeon Crawl Stone Soup version 0.29.0-4-gdea44cf6ec (webtiles) character file.

Game seed: 17229211410687520550

58 qw the Ruffian (level 4, -2/35 HPs)
             Began as a Ghoul Fire Elementalist on Aug 29, 2022.
             Killed by divine providence
             ... invoked by an orc priest
              (13 damage)
             ... on level 3 of the Dungeon.
             The game lasted 00:01:31 (1927 turns).

qw the Ruffian (Ghoul Fire Elementalist)            Turns: 1927, Time: 00:01:31

Health: -2/35      AC: 10    Str: 13    XL:     4   Next: 2%
Magic:  5/5        EV:  3    Int: 10    God:
Gold:   141        SH:  0    Dex:  9    Spells: 5/6 levels left

rFire   . . .      SeeInvis .     - Unarmed
rCold   + . .      Faith    .   (no shield)
rNeg    + + +      Spirit   .   e - +0 plate armour
rPois   inf        Reflect  .   (no helmet)
rElec   .          Harm     .   (no cloak)
rCorr   .          Rampage  .   (no gloves)
Will    .....                   (no boots)
Stlth   ..........              (no amulet)
HPRegen 0.00/turn               (no ring)
MPRegen 0.09/turn               (no ring)

@: inhibited regen
A: claws 1, cold resistance 1, negative energy resistance 3, inhibited
regeneration, torment resistance 2, devour on kill
a: no special abilities


You were on level 3 of the Dungeon.
You visited 1 branch of the dungeon, and saw 3 of its levels.

You collected 141 gold pieces.


Innate Abilities, Weirdness & Mutations

You are immune to poison.
You have sharp fingernails.
Your flesh is cold resistant. (rC+)
You are immune to negative energy. (rN+++)
You do not regenerate when monsters are visible.
You are immune to unholy pain and torment.
You thrive by killing the living.


   Skills:
 - Level 1.1 Fighting
 + Level 0.8 Armour
 - Level 1.7 Dodging
 - Level 2.1 Stealth
 - Level 3.2 Unarmed Combat
 - Level 1.7 Spellcasting
 - Level 0.7 Conjurations
 - Level 2.4 Fire Magic


You had 5 spell levels left.
You knew the following spells:

 Your Spells              Type           Power      Damage    Failure   Level
a - Foxfire               Conj/Fire      16%        2x1d4     100%        1

Your spell library contained the following spells:

 Spells                   Type           Power      Damage    Failure   Level
 Scorch                   Fire           10%        2d5       100%        2
 Conjure Flame            Conj/Fire      4%         6-21      100%        3
 Inner Flame              Hex/Fire       3%         N/A       100%        3
 Flame Wave               Conj/Fire      4%         2d5       100%        4

Inventory:

Missiles
 d - 4 boomerangs (quivered)
Armour
 e - a +0 plate armour (worn)
Jewellery
 a - a ring of ice
Scrolls
 c - a scroll of poison {unknown}
 k - a scroll of identify {unknown}
Potions
 b - a potion of lignification {unknown}
 g - a potion of ambrosia {unknown}
 h - a potion of curing {unknown}
 i - a potion of degeneration {unknown}
 j - 2 potions of cancellation {unknown}

Dungeon Overview and Level Annotations

Branches:
Dungeon (3/15)

Altars:
Wu Jian


Message History

Something hits you.
You miss something. Something hits you.
1913 ||| DRINKING potion of heal wounds.
You feel much better. Something hits you but does no damage.
You barely miss something. Your claw misses something.
Something hits you but does no damage.
You closely miss something. Something hits you.
The orc priest begins to cast a cantrip, but forgets the words!
You scratch something. Something hits you but does no damage.
You closely miss something. Something hits you but does no damage.
You scratch something. You scratch something.
Something hits you but does no damage.
You closely miss something.
You hear some strange, mumbled words.
Something tries to affect you, but you resist.
You barely miss something. Something hits you but does no damage.
You miss something. Your claw misses something.
Something hits you but does no damage.
You completely miss something.
The orc priest mumbles some strange prayers to Beogh against you.
Beogh smites you! Something hits you but does no damage.
You closely miss something. Something hits you but does no damage.
The orc priest looks satisfied for a moment.
You completely miss something. Your claw misses something.
Something hits you but does no damage.
You miss something. Something hits you but does no damage.
You scratch something. Something hits you but does no damage.
The orc priest mumbles some strange prayers to Beogh against you.
Beogh smites you!
You die...

.....#...#. #.#..#.....
#.#........ #.......### .. # ...
#.......... ...### ...g ###.g.#
..... .... #..oo## . ..
#.....##{# # #.#. #..####@##..#.
#####.#. #.......#....#P#.. ..#.#
#.##..#.#.....#.#####.#.
#..........#...#.....#..
#####......##...#####...
#....................#
#.................####
############..........####..####.
#.....#.....#.#####.....##.......


You could see an orc priest, an orc and a hobgoblin.

Vanquished Creatures
  An adder (D:2)
  An orc (D:3)
  8 endoplasms (D:1)
  4 goblins
  3 hobgoblins
  3 jackals (D:1)
  4 kobolds
  2 quokkas (D:1)
  5 ball pythons
  4 bats
  5 frilled lizards
  5 rats
45 creatures vanquished.

Vanquished Creatures (others)
  A plant (D:3)
1 creature vanquished.

Grand Total: 46 creatures vanquished

Notes
Turn   | Place    | Note
-------+----------+-------------------------------------------
     0 | D:1      | qw the Ghoul Fire Elementalist began the quest for the Orb.
     0 | D:1      | Reached XP level 1. HP: 14/14 MP: 2/2
     0 | D:1      | 0 ||| qw: Version: 0.1-a-90-g952f4b7
     0 | D:1      | 0 ||| qw: Game counter: 3881
     0 | D:1      | 0 ||| qw: Always use a shield: true
     0 | D:1      | 0 ||| qw: God list: Okawaru
     0 | D:1      | 0 ||| qw: Allow faded altars: false
     0 | D:1      | 0 ||| qw: Do Orc after D:15 true
     0 | D:1      | 0 ||| qw: Do second Lair branch before Depths: true
     0 | D:1      | 0 ||| qw: Lair rune preference: random
     0 | D:1      | 0 ||| qw: Plans: Normal
     0 | D:1      | 0 ||| PLANNING D:1-11
   150 | D:1      | Reached skill level 1 in Unarmed Combat
   164 | D:1      | Reached XP level 2. HP: 22/22 MP: 3/3
   165 | D:1      | 165 ||| Stepping ~*~*~tactically~*~*~ (stealth).
   166 | D:1      | 166 ||| Stepping ~*~*~tactically~*~*~ (stealth).
   167 | D:1      | 167 ||| Stepping ~*~*~tactically~*~*~ (stealth).
   179 | D:1      | Reached skill level 1 in Fighting
   181 | D:1      | HP: 5/23 [jackal (2)]
   622 | D:1      | Reached skill level 2 in Unarmed Combat
   662 | D:1      | 662 ||| Stepping ~*~*~tactically~*~*~ (stealth).
   664 | D:1      | 664 ||| Stepping ~*~*~tactically~*~*~ (stealth).
   668 | D:1      | Reached XP level 3. HP: 27/28 MP: 4/4
   674 | D:1      | 674 ||| Stepping ~*~*~tactically~*~*~ (stealth).
  1089 | D:1      | 1089 ||| UPGRADING to +0 ring mail.
  1099 | D:1      | 1099 ||| DROPPING +0 robe.
  1100 | D:1      | 1100 ||| UPGRADING to +0 plate armour.
  1110 | D:1      | 1110 ||| DROPPING +0 ring mail.
  1111 | D:1      | 1111 ||| DROPPING potion of magic.
  1136 | D:2      | 1136 ||| Stepping ~*~*~tactically~*~*~ (stealth).
  1216 | D:2      | Reached skill level 3 in Unarmed Combat
  1247 | D:2      | 1247 ||| Stepping ~*~*~tactically~*~*~ (hiding).
  1363 | D:2      | Found an ornate altar of the Wu Jian Council.
  1470 | D:2      | 1470 ||| Stepping ~*~*~tactically~*~*~ (stealth).
  1706 | D:2      | 1706 ||| DRINKING 2 murky puce potions.
  1885 | D:3      | 1885 ||| Stepping ~*~*~tactically~*~*~ (stealth).
  1896 | D:3      | 1896 ||| Stepping ~*~*~tactically~*~*~ (outnumbered).
  1899 | D:3      | 1899 ||| Stepping ~*~*~tactically~*~*~ (outnumbered).
  1900 | D:3      | 1900 ||| Stepping ~*~*~tactically~*~*~ (outnumbered).
  1905 | D:3      | Reached XP level 4. HP: 15/35 MP: 5/5
  1912 | D:3      | HP: 7/35 [something (2)]
  1913 | D:3      | 1913 ||| DRINKING potion of heal wounds.
  1927 | D:3      | Killed from afar by an orc priest

Levels and vault maps discovered:
D:1:      matt_arrival_grand_opening, layout_basic
D:2:      layout_basic, basic_altar, reono_crystal_passage
D:3:      layout_rooms, elyvilon_altar_5, tso_oasis_becter,
          shapermc_ecumenical_altar_rom_forum, kennysheep_doodads, st_stairs_12

Skill      XL: |  1  2  3 |
---------------+----------+-----
Unarmed Combat | 1 2 3 |  3.2
Fighting       | 1 |  1.1
Armour         | |  0.8
Dodging        | |  1.7
Stealth        | |  2.1
Spellcasting   | |  1.7
Conjurations   | |  0.7
Fire Magic     | |  2.4

Action                   |  1- 3 |  4- 6 || total
-------------------------+-------+-------++-------
Melee: Unarmed           |    99 |    22 ||   121
       Punch             |     1 |       ||     1
Throw: Boomerang         |    67 |       ||    67
  Use: Potion            |     1 |     1 ||     2
Armor: Robe              |    11 |       ||    11
       Plate armour      |    29 |    16 ||    45
Dodge: Dodged            |    46 |       ||    46

Table legend:
 A = Non-vault XP
 B = Vault XP
 C = Vault XP percentage of total XP
 D = Non-vault monster count
 E = Vault monster count
 F = Vault count percentage of total count
                 A         B        C        D         E       F
            +---------+---------+-------+---------+---------+-------
      Total |      84 |       0 |   0.0 |      45 |       0 |   0.0
            +---------+---------+-------+---------+---------+-------
        D:1 |      48 |       0 |   0.0 |      29 |       0 |   0.0
        D:2 |      29 |       0 |   0.0 |      12 |       0 |   0.0
        D:3 |       7 |       0 |   0.0 |       4 |       0 |   0.0
            +---------+---------+-------+---------+---------+-------
